 Dungeon Crawl Stone Soup version 0.28-a0-1182-g381e24db82 (webtiles) character file.

Game seed: 16132365268496262604

12 Lavandula the Ruffian (level 2, 0/21 HPs)
             Began as a Formicid Transmuter on Dec 17, 2021.
             Slain by a ball python (1 damage)
             ... on level 2 of the Dungeon.
             The game lasted 00:01:08 (322 turns).

Lavandula the Ruffian (Formicid Transmuter)          Turns: 322, Time: 00:01:09

Health: 0/21       AC:  2    Str: 14    XL:     2   Next: 45%
Magic:  5/5        EV: 12    Int: 12    God:
Gold:   10         SH:  0    Dex: 11    Spells: 4/5 levels left

rFire   . . .      SeeInvis +     - Unarmed
rCold   . . .      Faith    .   (no shield)
rNeg    . . .      Spirit   .   a - +0 robe
rPois   .          Reflect  .   (helmet unavailable)
rElec   .          Harm     .   (no cloak)
rCorr   .          Rampage  .   (no gloves)
Will    .....                   (no boots)
Stlth   +.........              (no amulet)
HPRegen 0.07/turn               (no ring)
MPRegen 0.09/turn               (no ring)

@: no status effects
A: permanent stasis, dig shafts and tunnels, antennae 3, four strong arms
a: Dig, Shaft Self


You were on level 2 of the Dungeon.
You visited 1 branch of the dungeon, and saw 2 of its levels.

You collected 10 gold pieces.

Inventory:

Armour
 a - a +0 robe (worn)
Scrolls
 b - a scroll of identify {unknown}


   Skills:
 - Level 1.1 Fighting
 - Level 1.7 Dodging
 + Level 3.7 Unarmed Combat
 - Level 2.1 Spellcasting
 - Level 2.1 Transmutations


You had 4 spell levels left.
You knew the following spells:

 Your Spells              Type           Power      Damage    Failure   Level
a - Beastly Appendage     Tmut           12%        N/A       11%         1

Your spell library contained the following spells:

 Spells                   Type           Power      Damage    Failure   Level
 Wereblood                Tmut           6%         N/A       17%         2
 Sublimation of Blood     Necr           1%         N/A       38%         2
 Spider Form              Tmut/Pois      3%         N/A       45%         3
 Ice Form                 Ice/Tmut       3%         N/A       86%         4
 Summon Hydra             Summ           0%         N/A       100%        7


Dungeon Overview and Level Annotations

Branches:
Dungeon (1/15)

Altars:


Innate Abilities, Weirdness & Mutations

You cannot be hasted, slowed, berserked, paralysed or teleported.
You can dig through walls and to a lower floor.
You have a pair of large antennae on your head. (SInv)
Your four strong arms can wield two-handed weapons with a shield.


Message History

Found a pair of gloves and a scroll labelled KEUKLO BOSAUHUPTO.
You enter a teleport trap!
The teleport trap disappears.
A ball python comes into view.
The ball python moves out of view.
Unknown command.
The ball python hisses angrily.
The ball python completely misses you. The ball python barely misses you.
You barely miss the ball python. The ball python bites you.
* * * LOW HITPOINT WARNING * * *
The ball python grabs you. The ball python constricts you.
The ball python bites you.
* * * LOW HITPOINT WARNING * * *
Unknown command.
You escape the ball python's grasp.
The ball python misses you. The ball python grabs you.
The ball python constricts you.
Unknown command.
You escape the ball python's grasp.
Unknown command.
Unknown command.
Unknown command.
Unknown command.
A goblin comes into view. It is wielding a +0 dagger of speed.
The goblin shouts!
The ball python barely misses you. The ball python grabs you.
The ball python constricts you. The rat bites you.
* * * LOW HITPOINT WARNING * * *
The ball python barely misses you.
You escape the ball python's grasp.
The rat twitches its whiskers.
Unknown command.
Okay, then.
Are you sure you want to shaft yourself?
The rat bites you but does no damage. The ball python bites you.
* * * LOW HITPOINT WARNING * * *
The ball python completely misses you. The ball python barely misses you. x2
You begin to dig a shaft.
You continue digging a shaft.
The ball python bites you.
* * * LOW HITPOINT WARNING * * *
The ball python closely misses you. The ball python bites you.
You die...

######## #......#
#.....S### #.....r@.##
##### #.....S..g.....
......##......##......
#.........# ......
#....##......# .....
#...#........# .....
#.....##.....# ....
#....##........ ....
..............##..


You could see a goblin, 2 ball pythons and a rat.

Vanquished Creatures
  An endoplasm (D:1)
  2 giant cockroaches (D:1)
  2 goblins (D:1)
  A hobgoblin (D:1)
  2 ball pythons (D:1)
  2 bats (D:1)
  2 rats (D:1)
12 creatures vanquished.

Notes
Turn   | Place    | Note
-------+----------+-------------------------------------------
     0 | D:1      | Lavandula the Formicid Transmuter began the quest for the
                  | Orb.
     0 | D:1      | Reached XP level 1. HP: 15/15 MP: 3/3
   263 | D:1      | Reached XP level 2. HP: 21/21 MP: 5/5
   307 | D:1      | You fall into a shaft and drop 1 floor!
   322 | D:2      | HP: 1/21 [ball python (1)]
   322 | D:2      | Slain by a ball python

Illustrated notes

Levels and vault maps discovered:
D:1:      psy_arrival_spokes, layout_rooms
D:2:      layout_rooms, uniq_robin

Action                   || total
-------------------------++-------
Melee: Unarmed           ||    34
       Kick              ||     4
 Cast: Beastly Appendage ||     5
 Abil: Shaft Self        ||     2
 Stab: Sleeping          ||     1
Armor: Robe              ||    11
Dodge: Dodged            ||    31

Table legend: (Time is in decaauts)
 A = Elapsed time spent in this place.
 B = Non-inter-level travel time spent in this place.
 C = Inter-level travel time spent in this place.
 D = Time resting spent in this place.
 E = Time spent auto-exploring this place.
 F = Levels seen in this place.
 G = Mean time per level.
                   A        B        C        D        E       F      G
               +--------+--------+--------+--------+--------+-----+--------+
         Total |    319 |    319 |      0 |    174 |     31 |   2 |  159.5 |
       Dungeon |    319 |    319 |      0 |    174 |     31 |   2 |  159.5 |
               +--------+--------+--------+--------+--------+-----+--------+

Top non-repeatable levels by time:
     D:1: 304 daAuts
     D:2: 14 daAuts
